 Seeded DCSS version 0.27-a0-1181-g5f64966fcc (webtiles) character file.

Game seed: 158850323977186402 (custom seed)

3053 streetpizza the Skirmisher (level 10, -2/75 HPs)
             Began as a Djinni Gladiator on May 17, 2021.
             Was a Believer of Makhleb.
             Hit by a boomerang of dispersal thrown by an orc warrior (12 damage)
             ... on level 8 of the Dungeon.
             The game lasted 00:23:59 (9409 turns).

streetpizza the Skirmisher (Djinni Gladiator)       Turns: 9409, Time: 00:23:59

Health: -2/75      AC:  5    Str: 17    XL:     10   Next: 11%
Gold:   374        EV: 15    Int: 17    God:    Makhleb [**....] SH:  0 Dex: 17

rFire    + + .     SeeInvis +   a - +0 long sword (venom)
rCold    x . .     Faith    .   (no shield)
rNeg     + . .     Spirit   .   b - +0 leather armour
rPois    ∞         Reflect  .   c - +0 helmet
rElec    +         Harm     .   v - +0 cloak
rCorr    .         Rampage  .   (no gloves)
Will     +....                  (boots unavailable)
Stlth    +.........             (no amulet)
HPRegen  0.22/turn              h - ring "Soxuit" {rElec rN+ Str+4 Int+6}
MPRegen  0.00/turn              E - ring of see invisible

@: flying
A: sickness immunity, fire resistance 2, cold vulnerability 1, float, innate
caster, hp casting, extra vitality 1
a: Renounce Religion, Minor Destruction


You were on level 8 of the Dungeon.
You worshipped Makhleb.
Makhleb was pleased with you.
You visited 2 branches of the dungeon, and saw 9 of its levels.
You also visited: Ossuary.

You collected 374 gold pieces.

Inventory:

Hand Weapons
 a - a +0 long sword of venom (weapon)
 u - a +3 quarterstaff of chaos
 y - the +1 lajatang of the Lonely Lies {holy, rC+}
   (You found it on level 5 of the Dungeon)

   It has been blessed by the Shining One to cause great damage to the undead
   and demons.
   It protects you from cold.
Missiles
 d - 3 throwing nets
 f - 57 poisoned darts (quivered)
 H - a curare-tipped dart
Armour
 b - a +0 leather armour (worn)
 c - a +0 helmet (worn)
 v - a +0 cloak (worn)
Jewellery
 h - the ring "Soxuit" (left hand) {rElec rN+ Str+4 Int+6}
   (You acquired it on level 1 of the Dungeon)

   [ring of positive energy]

   It affects your strength (+4).
   It affects your intelligence (+6).
   It insulates you from electricity.
   It protects you from negative energy.
 z - an amulet of the acrobat
 C - a +6 ring of intelligence
 E - a ring of see invisible (right hand)
 F - a +6 ring of dexterity
 M - an amulet of faith
Wands
 A - a wand of iceblast (30)
Scrolls
 k - 10 scrolls of identify
 l - 2 scrolls of immolation {unknown}
 o - 3 scrolls of fear
 p - 3 scrolls of noise {unknown}
 r - a scroll of holy word {unknown}
 w - a scroll of teleportation {unknown}
 G - 2 scrolls of amnesia {unknown}
 I - 2 scrolls of enchant weapon {unknown}
 K - a scroll of summoning {unknown}
 L - a scroll of silence {unknown}
 N - a scroll of brand weapon
Potions
 e - 2 potions of haste
 g - 10 potions of degeneration {unknown}
 i - 7 potions of lignification {unknown}
 j - 5 potions of heal wounds {unknown}
 m - 8 potions of curing {unknown}
 n - 4 potions of flight {unknown}
 q - 2 potions of ambrosia {unknown}
 s - 2 potions of berserk rage {unknown}
 t - a potion of might {unknown}
 x - a potion of resistance {unknown}
 B - a potion of magic {unknown}
 D - a potion of brilliance {unknown}
 J - a potion of attraction {unknown}


   Skills:
 + Level 7.0 Fighting
 + Level 6.7 Long Blades
 - Level 1.5 Throwing
 - Level 6.3 Dodging
 + Level 4.9 Spellcasting
 + Level 4.3 Invocations


You had 10 spell levels left.
You knew the following spells:

 Your Spells              Type           Power      Damage    Failure   Level
a - Corona                Hex            23%        N/A       2%          1
b - Poisonous Vapours     Pois/Air       42%        N/A       3%          2
c - Ensorcelled Hibernat  Hex/Ice        42%        N/A       3%          2
d - Vampiric Draining     Necr           10%        2d7       7%          3
Your spell library was empty.

Dungeon Overview and Level Annotations

Branches:
Dungeon (8/15)             Temple (1/1) D:5         Ossuary (visited)
   Lair: D:8-11

Altars:
Ashenzari
Cheibriados
Dithmenos
Elyvilon
Fedhas
Gozag
Hepliaklqana
Kikubaaqudgha
Makhleb
Nemelex Xobeh
Okawaru
Qazlal
Ru
Sif Muna
Trog
Uskayaw
Vehumet
Wu Jian
Xom
Yredelemnul
Zin
The Shining One


Innate Abilities, Weirdness & Mutations

You are immune to sickness and miasma.
You are immune to poison.
Your flesh is very heat resistant. (rF++)
You are vulnerable to cold. (rC-)
You float through the air rather than walking.
You learn spells naturally, not from books.
Your magical power is your life essence.
You have superior vitality. (+4 HP)


Message History

The water moccasin is severely wounded.
The water moccasin completely misses you.
The water moccasin closely misses you.
You riposte.
You hit the water moccasin.
The water moccasin is poisoned.
The water moccasin is almost dead.
You closely miss the water moccasin.
The water moccasin is almost dead.
The water moccasin barely misses you.
You riposte.
You miss the water moccasin.
The water moccasin is almost dead.
You miss the water moccasin.
The water moccasin is almost dead.
The water moccasin misses you.
You riposte.
You hit the water moccasin.
You kill the water moccasin!
Makhleb accepts your kill.
You feel better.
Your Fighting skill increases to level 7!
You are no longer corroded.
An orc warrior comes into view.
It is wielding a +0 scimitar and quivering boomerangs of dispersal.
The orc warrior shouts!
The orc warrior hits you with a +0 scimitar!!
You closely miss the orc warrior.
The orc warrior hits you with a +0 scimitar!!
You hit the orc warrior.
The orc warrior is poisoned.
The orc warrior is lightly wounded.
The orc warrior hits you with a +0 scimitar!!
* * * LOW HITPOINT WARNING * * *
You hear a shout!
You completely miss the orc warrior.
The orc warrior is moderately wounded.
The orc warrior hits you with a +0 scimitar!
* * * LOW HITPOINT WARNING * * *
You hit the orc warrior but do no damage.
The orc warrior is moderately wounded.
The orc warrior hits you with a +0 scimitar.
* * * LOW HITPOINT WARNING * * *
The orc warrior throws a boomerang of dispersal.
The boomerang of dispersal barely misses you.
The orc warrior throws a boomerang of dispersal.
The boomerang of dispersal hits you!
You die...

#.....##...######.......
##.####...###..........#
#.#######.####.#..#.#.##..###.#
...................###......#.#
........########..#.#.##.......
########.....o.#........>.#.#.#
.......######.#..##.#....#.#.#
.###### #.#..##.#.####.#.#
#@#...#.#.# #.#.# #.#...#.#.#
#.#.# #.#.....#.# #.#.#
#.#...#.... ....# .#.#.......
... . . ..###.# #.# . . ..# #.#
#. .#


You could see an orc warrior (poisoned).

Vanquished Creatures
  Pikel (D:5)
  A hornet (D:7)
  A water moccasin (D:8)
  A sky beast (D:7)
  2 ice beasts (D:5)
  2 black bears
  A necrophage (D:7)
  2 ogres
  2 orc warriors
  3 centaurs
  A lemure (D:5)
  A kobold brigand (D:7)
  Blork the orc (D:6)
  A bullfrog (D:7)
  A scorpion (D:7)
  A water moccasin skeleton (D:5)
  An electric eel (D:6)
  A centaur zombie (D:6)
  2 orc priests
  2 jellies
  Crazy Yiuf (D:4)
  4 hounds
  A centaur skeleton (D:5)
  Jessica (D:2)
  4 iguanas
  Natasha (twice) (D:3)
  2 orc wizards
  4 mummies
  8 adders
  A howler monkey skeleton (D:7)
  A shadow imp (D:7)
  A white imp (D:6)
  An ufetubus (D:4)
  2 worms
  4 dart slugs
  8 orcs
  3 bats (D:3)
  6 endoplasms
  2 giant cockroaches (D:4)
  10 goblins
  8 hobgoblins
  3 jackals (D:1)
  3 quokkas
  6 ball pythons
  A frilled lizard (D:1)
  2 goblin zombies
  3 hobgoblin zombies (Ossuary)
  10 kobolds
  2 kobold zombies (Ossuary)
  3 orc zombies
  4 rats
139 creatures vanquished.

Vanquished Creatures (others)
  3 orcs (D:7)
  3 plants
6 creatures vanquished.

Grand Total: 145 creatures vanquished

Notes
Turn   | Place    | Note
-------+----------+-------------------------------------------
     0 | D:1      | streetpizza the Djinni Gladiator began the quest for the
                  | Orb.
     0 | D:1      | Reached XP level 1. HP: 18/18 MP: 0/0
   102 | D:1      | Reached XP level 2. HP: 23/23 MP: 0/0
   545 | D:1      | Found a faded altar of an unknown god.
   554 | D:1      | Reached XP level 3. HP: 23/29 MP: 0/0
   554 | D:1      | Learned a level 1 spell: Corona
   571 | D:1      | Identified a scroll of acquirement
   571 | D:1      | Acquired the ring "Soxuit" {rElec rN+ Str+4 Int+6}
   935 | D:2      | You are sucked into a shaft and drop 2 floors!
   950 | D:4      | Reached skill level 1 in Spellcasting
   950 | D:4      | Reached XP level 4. HP: 14/34 MP: 0/0
  1179 | D:4      | Found a sand-covered staircase.
  1236 | Ossuary  | Entered an ossuary
  1580 | Ossuary  | Reached XP level 5. HP: 28/40 MP: 0/0
  1580 | Ossuary  | Learned a level 2 spell: Poisonous Vapours
  1732 | Ossuary  | Reached skill level 3 in Fighting
  2070 | D:4      | Reached XP level 6. HP: 43/46 MP: 0/0
  2185 | D:4      | Found a blossoming altar of Fedhas.
  2329 | D:4      | Found a runed translucent door.
  2425 | D:4      | Noticed Crazy Yiuf
  2512 | D:4      | Killed Crazy Yiuf
  2559 | D:5      | Entered Level 5 of the Dungeon
  2738 | D:5      | Found a shadowy altar of Dithmenos.
  2805 | D:5      | Reached XP level 7. HP: 41/51 MP: 0/0
  2805 | D:5      | Learned a level 2 spell: Ensorcelled Hibernation
  2929 | D:5      | Identified the +0 chain mail "Tucimal" {+Blink rPois}
  2931 | D:5      | Found a glowing golden altar of the Shining One.
  2953 | D:5      | Reached skill level 4 in Fighting
  2953 | D:5      | Reached skill level 5 in Dodging
  3196 | D:5      | Identified the +1 lajatang of the Lonely Lies {holy, rC+}
  3548 | D:5      | Found a staircase to the Ecumenical Temple.
  3557 | Temple   | Entered the Ecumenical Temple
  3801 | Temple   | Became a worshipper of Makhleb the Destroyer
  3888 | D:5      | Found a hide-covered altar of Uskayaw.
  3888 | D:5      | Noticed Pikel
  3904 | D:5      | Killed Pikel
  3905 | D:5      | Reached skill level 5 in Fighting
  3905 | D:5      | Reached skill level 5 in Long Blades
  3905 | D:5      | Reached XP level 8. HP: 23/59 MP: 0/0
  4218 | D:5      | Found a glowing silver altar of Zin.
  4269 | D:6      | Found a snail-covered altar of Cheibriados.
  4269 | D:6      | Found a sparkling altar of Nemelex Xobeh.
  4269 | D:6      | Found a bloodstained altar of Trog.
  4269 | D:6      | Found a white marble altar of Elyvilon.
  4269 | D:6      | Found a stormy altar of Qazlal.
  4269 | D:6      | Found an iron altar of Okawaru.
  4270 | D:6      | Found a shimmering altar of Xom.
  4344 | D:6      | Noticed Blork the orc
  4353 | D:6      | Killed Blork the orc
  4620 | D:6      | Reached skill level 1 in Invocations
  4620 | D:6      | Reached XP level 9. HP: 29/65 MP: 0/0
  4620 | D:6      | Learned a level 3 spell: Vampiric Draining
  5503 | D:7      | Reached skill level 6 in Fighting
  5626 | D:7      | Noticed a hornet
  5634 | D:7      | Killed a hornet
  5767 | D:7      | Reached * piety under Makhleb
  5978 | D:7      | Identified the +10 trident of Thoughtfulness {vorpal, +Rage
                  | rC- Will+}
  7240 | D:2      | Noticed Jessica
  7244 | D:2      | Killed Jessica
  8077 | D:3      | Reached XP level 10. HP: 73/73 MP: 0/0
  8160 | D:3      | Noticed Natasha
  8164 | D:3      | Killed Natasha
  8342 | D:3      | Reached ** piety under Makhleb
  8406 | D:3      | Noticed Natasha
  8417 | D:3      | Killed Natasha
  9169 | D:8      | Reached skill level 7 in Fighting
  9409 | D:8      | Hit by a boomerang of dispersal thrown by an orc warrior

Illustrated notes

Levels and vault maps discovered:
D:1:      elethiomel_arrival_maze, layout_rooms,
          hellmonk_ecumenical_altar_dog_temple
D:2:      layout_loops_ring, serial_forest, infiniplex_forest_end_2,
          infiniplex_forest_clump_double, infiniplex_forest_end_2,
          infiniplex_forest_straight_1, infiniplex_forest_lined_room_2,
          infiniplex_forest_straight_3, infiniplex_forest_lined_room_3,
          infiniplex_forest_3_way, infiniplex_forest_end_3,
          infiniplex_forest_straight_2, uniq_jessica
D:3:      layout_basic, uniq_natasha
D:4:      layout_cave_pools, fedhas_altar_3, nicolae_ossuary_entry_giza,
          kennysheep_generic_room_13, uniq_crazy_yiuf_cottage
D:5:      layout_rooms, lemuel_crystal_altar, marbit_many_paths,
          lemuel_doored_altar, nicolae_overflow_crystal_walls,
          minmay_temple_entry_statues, uniq_pikel
D:6:      layout_basic, grunt_temple_overflow_open, minivault_1,
          lightli_minifort, uniq_blork_the_orc
D:7:      layout_rooms, lemuel_another_geyser
D:8:      minmay_distorted_concentric_squares, layout_loops_ring,
          roderic_serpentine_path
Temple:   compressed_dpeg_triangle_lava_temple

Skill      XL: |  1  2  3  4  5  6  7  8  9 10 |
---------------+-------------------------------+-----
Long Blades    | 3 4 5 6 |  6.7
Spellcasting   | 1 2 3 4 |  4.9
Dodging        | 4 6 |  6.3
Fighting       | 3 5 6 7 |  7.0
Invocations    | 1 3 4 |  4.3
Throwing       | |  1.5

Action                   |  1- 3 |  4- 6 |  7- 9 | 10-12 || total
-------------------------+-------+-------+-------+-------++-------
Melee: Long sword        |    67 |    98 |   224 |    67 ||   456
Throw: Dart              |       |       |     6 |       ||     6
 Cast: Corona            |       |     3 |     4 |       ||     7
       Ensorcelled Hiber |       |       |     9 |       ||     9
       Poisonous Vapours |       |       |     1 |       ||     1
  Use: Scroll            |     4 |       |       |       ||     4
 Stab: Sleeping          |     1 |     2 |     2 |     3 ||     8
Armor: Leather armour    |    21 |    14 |    68 |     6 ||   109
Dodge: Dodged            |    48 |    65 |   156 |    66 ||   335
       Rpst.: Long sword |    11 |    16 |    41 |    16 ||    84

Table legend: (Time is in decaauts)
 A = Elapsed time spent in this place.
 B = Non-inter-level travel time spent in this place.
 C = Inter-level travel time spent in this place.
 D = Time resting spent in this place.
 E = Time spent auto-exploring this place.
 F = Levels seen in this place.
 G = Mean time per level.
                   A        B        C        D        E       F      G
               +--------+--------+--------+--------+--------+-----+--------+
         Total |   9482 |   8899 |    583 |    382 |   7153 |  10 |  948.2 |
       Dungeon |   8542 |   7976 |    566 |    280 |   6478 |   8 | 1067.8 |
        Temple |    263 |    246 |     17 |      0 |    218 |   1 |  263.0 |
       Ossuary |    675 |    675 |      0 |    102 |    457 |   1 |  675.0 |
               +--------+--------+--------+--------+--------+-----+--------+

Top non-repeatable levels by time:
     D:7: 1468 daAuts
     D:5: 1383 daAuts
     D:6: 1295 daAuts
     D:4: 1116 daAuts
     D:2: 1055 daAuts
     D:1: 906 daAuts
     D:3: 763 daAuts
 Ossuary: 675 daAuts
     D:8: 553 daAuts
  Temple: 263 daAuts
